 Dungeon Crawl Stone Soup version 0.29.0 (webtiles) character file.

Game seed: 1937463907729310898

453 Zerd the Conjurer (level 6, -20/32 HPs)
             Began as a Deep Elf Air Elementalist on Sept 16, 2022.
             Was an Initiate of Sif Muna.
             Demolished by a two-headed ogre
             ... wielding a +0 giant club
              (23 damage)
             ... on level 5 of the Dungeon on Sept 17, 2022.
             The game lasted 00:17:34 (4192 turns).

Zerd the Conjurer (Deep Elf Air Elementalist)       Turns: 4192, Time: 00:17:34

Health: -20/32     AC:  5    Str:  5    XL:     6   Next: 75%
Magic:  6/15       EV: 13    Int: 22    God:    Sif Muna [......]
Gold:   219        SH:  0    Dex: 15    Spells: 5/15 levels left

rFire   + . .      SeeInvis .   (no weapon)
rCold   . . .      Faith    .   (no shield)
rNeg    . . .      Spirit   .   a - +0 robe
rPois   +          Reflect  .   (no helmet)
rElec   .          Harm     .   (no cloak)
rCorr   .          Rampage  .   v - +2 pair of gloves
Will    .....                   (no boots)
Stlth   ++........              s - amulet of magic regeneration
HPRegen 0.10/turn               p - ring of protection from fire
MPRegen 0.54/turn               r - ring of poison resistance

@: very slightly contaminated
A: no striking features
a: Renounce Religion


You were on level 5 of the Dungeon.
You worshipped Sif Muna.
Sif Muna was noncommittal.
You visited 2 branches of the dungeon, and saw 6 of its levels.

You collected 219 gold pieces.

Inventory:

Armour
 a - a +0 robe (worn)
 u - the -2 pair of boots "Josexil" {Drain +Blink rF+}
   (You found it on level 3 of the Dungeon)

   rF:        It protects you from fire.
   +Blink:    It lets you blink.
   Drain:     It drains your maximum health when unequipped.
 v - a +2 pair of gloves (worn)
Jewellery
 p - a ring of protection from fire (left hand)
 r - a ring of poison resistance (right hand)
 s - an amulet of magic regeneration (around neck)
 w - a ring of protection from cold
Scrolls
 c - a scroll of enchant weapon
 e - 2 scrolls of poison
 i - 2 scrolls of summoning
 j - 3 scrolls of immolation
 k - a scroll of fear
 n - a scroll of teleportation {unknown}
 t - a scroll of enchant armour {unknown}
 x - 2 scrolls of identify
 y - a scroll of acquirement {unknown}
Potions
 b - a potion of magic
 d - a potion of flight {unknown}
 f - a potion of attraction {unknown}
 g - 2 potions of heal wounds
 h - a potion of resistance {unknown}
 l - a potion of lignification {unknown}
 m - a potion of curing {unknown}
 o - a potion of haste {unknown}
 q - a potion of berserk rage {unknown}


   Skills:
 * Level 2.8 Dodging
 - Level 2.4 Stealth
 - Level 5.0 Spellcasting
 - Level 5.2 Conjurations
 - Level 5.0 Air Magic


You had 5 spell levels left.
You knew the following spells:

 Your Spells              Type           Power      Damage    Failure   Level
a - Shock                 Conj/Air       100%       1d9       1%          1
b - Static Discharge      Conj/Air       28%        3-7/arc   1%          2
c - Swiftness             Air            27%        N/A       3%          3
d - Airstrike             Air            13%        2d(2-18)  13%         4

Your spell library contained the following spells:

 Spells                   Type           Power      Damage    Failure   Level
 Slow                     Hex            20%        N/A       10%         1
 Conjure Flame            Conj/Fire      17%        6-21      11%         3
 Dazzling Flash           Conj/Hex       34%        N/A       11%         3
 Call Canine Familiar     Summ           5%         N/A       30%         3
 Confusing Touch          Hex            5%         N/A       30%         3
 Portal Projectile        Hex/Tloc       10%        N/A       30%         3
 Vampiric Draining        Necr           5%         2d6       30%         3
 Sticky Flame             Conj/Fire      17%        2d4       34%         4
 Dispel Undead            Necr           5%         3d7       69%         4
 Leda's Liquefaction      Hex/Erth       2%         N/A       69%         4


Dungeon Overview and Level Annotations

Branches:
Dungeon (5/15)             Temple (1/1) D:4

Altars:
Elyvilon
Fedhas
Hepliaklqana
Makhleb
Nemelex Xobeh
Qazlal
Sif Muna
Trog
Uskayaw
Vehumet
Wu Jian
Yredelemnul
Zin
The Shining One

Shops:
D:4 *


Message History

The two-headed ogre is struck by an arc of lightning.
The two-headed ogre is moderately wounded.
The lightning grounds out.
Casting: Static Discharge (safe; 1% risk of failure)
Confirm with . or Enter, or press ? or * to list all spells.
The bullfrog is struck by an arc of lightning!
The bullfrog is moderately wounded.
You are struck by an arc of lightning.
The two-headed ogre is struck by an arc of lightning.
The two-headed ogre is heavily wounded.
The lightning grounds out.
The two-headed ogre is struck by an arc of lightning.
The two-headed ogre is severely wounded.
You are struck by an arc of lightning.
The lightning grounds out.
The two-headed ogre closely misses you. The two-headed ogre barely misses you.
The bullfrog completely misses you.
Casting: Static Discharge (safe; 1% risk of failure)
Confirm with . or Enter, or press ? or * to list all spells.
The bullfrog is struck by an arc of lightning.
The bullfrog is heavily wounded.
You are struck by an arc of lightning.
* * * LOW HITPOINT WARNING * * *
The bullfrog is struck by an arc of lightning!
The bullfrog is almost dead.
You are struck by an arc of lightning.
* * * LOW HITPOINT WARNING * * *
The lightning grounds out.
The two-headed ogre is struck by an arc of lightning!
The two-headed ogre is severely wounded.
You are struck by an arc of lightning.
* * * LOW HITPOINT WARNING * * *
The bullfrog is struck by an arc of lightning.
You kill the bullfrog!
Sif Muna accepts your kill.
You are struck by an arc of lightning.
* * * LOW HITPOINT WARNING * * *
The lightning grounds out.
The two-headed ogre hits you with a +0 giant club!!
Ouch! That really hurt!
You die...

...............#...........
#.####...#####.#.#####.....
##.## #.#.#####.###. #<#
###.....O...# #. #.#
#.....#####.###. #.#
#.##### #..... ##.# ##.#
###.#. #...##O.# #...
###†@#.# #### #.###.. #.
##.# .# # ##


You could see a two-headed ogre.

Vanquished Creatures
  A bullfrog (D:5)
  A scorpion (D:4)
  2 hounds (D:4)
  An iguana (D:4)
  Natasha (D:3)
  5 orc wizards
  3 adders
  A white imp (D:5)
  2 adder zombies (D:3)
  An adder skeleton (D:3)
  2 worms
  2 dart slugs
  17 orcs
  4 ball pythons
  7 endoplasms
  9 giant cockroaches
  5 goblins
  7 hobgoblins
  8 kobolds
  2 quokkas (D:3)
  A ball python skeleton (D:3)
  3 bats
  6 frilled lizards
  A quokka skeleton (D:3)
  7 rats
99 creatures vanquished.

Vanquished Creatures (others)
  13 withered plants (D:3)
13 creatures vanquished.

Grand Total: 112 creatures vanquished

Notes
Turn   | Place    | Note
-------+----------+-------------------------------------------
     0 | D:1      | Zerd the Deep Elf Air Elementalist began the quest for the
                  | Orb.
     0 | D:1      | Reached XP level 1. HP: 10/10 MP: 6/6
   369 | D:1      | Reached XP level 2. HP: 15/15 MP: 6/9
   372 | D:1      | Learned a level 2 spell: Static Discharge
  1081 | D:1      | Reached XP level 3. HP: 19/19 MP: 9/11
  1188 | D:2      | Reached skill level 5 in Spellcasting
  1192 | D:2      | Learned a level 3 spell: Swiftness
  1509 | D:2      | Found a bloodstained altar of Trog.
  1706 | D:3      | Noticed Natasha
  1711 | D:3      | Killed Natasha
  1712 | D:3      | Reached XP level 4. HP: 19/24 MP: 8/13
  2024 | D:3      | Learned a level 4 spell: Airstrike
  2384 | D:3      | Identified the -2 pair of boots "Josexil" {Drain +Blink
                  | rF+}
  2539 | D:3      | Reached XP level 5. HP: 28/28 MP: 11/14
  2703 | D:3      | Got the Anthology of Battle Magic
  2914 | D:4      | Reached skill level 5 in Conjurations
  2960 | D:4      | Reached XP level 6. HP: 30/32 MP: 10/15
  3029 | D:4      | Found Rahor's Fire Supplies.
  3285 | D:4      | Reached skill level 5 in Air Magic
  3639 | D:4      | Found a staircase to the Ecumenical Temple.
  3645 | Temple   | Entered the Ecumenical Temple
  3921 | Temple   | Became a worshipper of Sif Muna the Loreminder
  4110 | D:5      | Entered Level 5 of the Dungeon
  4164 | D:5      | Noticed a two-headed ogre
  4192 | D:5      | Demolished by a two-headed ogre

Illustrated notes

Levels and vault maps discovered:
D:1:      dpeg_arrival_stone_temple_mockup, layout_basic
D:2:      layout_rooms, basic_altar, minmay_octomino_j4
D:3:      layout_loops_corners, serial_undead, serial_undead_e, serial_undead_b,
          serial_undead_b, serial_undead_b, uniq_natasha
D:4:      layout_basic, minmay_temple_entry_fiery, nicolae_shop_fire_sale
          [nicolae_sub_dead_trees], minmay_misc_feat_room
D:5:      minmay_thinvault, layout_loops_ring, minivault_14
Temple:   dpeg_chambers_temple

Skill      XL: |  1  2  3  4  5  6 |
---------------+-------------------+-----
Spellcasting   | 4 5 |  5.0
Conjurations   | 2 4 5 |  5.2
Air Magic      | 5 |  5.0
Dodging        | |  2.8
Stealth        | |  2.4

Action                   |  1- 3 |  4- 6 || total
-------------------------+-------+-------++-------
 Cast: Shock             |    70 |   122 ||   192
       Static Discharge  |     4 |    16 ||    20
       Swiftness         |       |     1 ||     1
  Use: Scroll            |       |     6 ||     6
Armor: Robe              |     1 |     2 ||     3
Dodge: Dodged            |     6 |    12 ||    18
